 Dungeon Crawl Stone Soup version 0.30-a0-862-g1aabd4f9c5 (webtiles) character file.

Game seed: 5159253548415181261

301 dracfodder the Digger (level 6, -3/29 HPs)
             Began as a Gargoyle Earth Elementalist on Mar 8, 2023.
             Slain by an iguana (4 damage)
             ... on level 5 of the Dungeon.
             The game lasted 00:17:19 (4057 turns).

dracfodder the Digger (Gargoyle Earth Elementalist) Turns: 4057, Time: 00:17:21

Health: -3/29      AC: 10    Str: 15    XL:     6   Next: 37%
Magic:  7/10       EV: 11    Int: 15    God:
Gold:   231        SH:  0    Dex: 10    Spells: 7/11 levels left

rFire   . . .      SeeInvis .    n - +8 morningstar of Midsummer {holy, Str+3}
rCold   . . .      Faith    .    (no shield)
rNeg    + . .      Spirit   .    g - +0 leather armour
rPois   ∞          Reflect  .    (helmet restricted)
rElec   +          Rampage  .    e - +0 cloak
rCorr   .                        f - +0 pair of gloves
Will    .....                    k - +0 pair of boots
Stlth   ++                       (no amulet)
HPRegen 0.24/turn                (no ring)
MPRegen 0.12/turn                (no ring)

@: no status effects
A: sickness immunity, AC +4, negative energy resistance 1, electricity
resistance, torment resistance 1, petrification resistance, antennae 1, dopey 1,
frail 1, no potion heal 1
a: no special abilities


You were on level 5 of the Dungeon.
You visited 1 branch of the dungeon, and saw 5 of its levels.

You collected 231 gold pieces.

Inventory:

Hand Weapons
 a - a +1 sling
 n - the +8 morningstar of Midsummer (weapon) {holy, Str+3}
   (You found it on level 3 of the Dungeon)

   Str:       It affects your strength (+3).
Armour
 e - a +0 cloak (worn)
 f - a +0 pair of gloves (worn)
 g - a +0 leather armour (worn)
 k - a +0 pair of boots (worn)
Magical Staves
 b - a staff of conjuration
Jewellery
 m - a ring of protection from fire
Scrolls
 c - 2 scrolls of teleportation
 i - a scroll of enchant weapon
 o - 3 scrolls of fog {unknown}
 r - a scroll of magic mapping
 t - a scroll of identify
Potions
 d - a potion of curing {unknown}
 h - a potion of brilliance {unknown}
 j - 3 potions of lignification
 l - a potion of magic
 p - 2 potions of heal wounds {unknown}
 s - a potion of resistance


   Skills:
 + Level 0.4 Fighting
 + Level 2.3 Maces & Flails
 + Level 2.7 Ranged Weapons
 + Level 1.4 Armour
 + Level 2.1 Dodging
 + Level 2.8 Stealth
 + Level 3.0 Spellcasting
 + Level 0.7 Transmutations
 + Level 4.7 Earth Magic


You had 7 spell levels left.
You knew the following spells:

 Your Spells              Type           Power      Damage    Failure   Level
a - Sandblast             Erth           32%        2d9       3%          1
b - Stone Arrow           Conj/Erth      18%        3d8       28%         3

Your spell library contained the following spells:

 Spells                   Type           Power      Damage    Failure   Level
 Passwall                 Tmut/Erth      8%         N/A       12%         2
 Petrify                  Tmut/Erth      10%        N/A       61%         4


Dungeon Overview and Level Annotations

Branches:
Dungeon (5/15)
 Temple: D:4-7

Altars:


Innate Abilities, Weirdness & Mutations

You are immune to sickness and miasma.
Your stone body is resilient. (AC +4)
You are immune to poison.
You resist negative energy. (rN+)
You are resistant to electric shocks. (rElec)
You are resistant to unholy torment.
You are immune to petrification.
You have a pair of small antennae on your head.
You are dopey. (Int -2)
You are frail. (-10% HP)
Potions are less effective at restoring your health.


Message History

There is an open door here.
You open the door.
There is an open door here.
You now have 231 gold pieces (gained 17).
j - 3 potions of lignification (gained 1)
An iguana comes into view.
The iguana hisses angrily.
Aiming: Sandblast (safe; 3% risk of failure)
Press: ? - help, Q - select action Shift-Dir - straight line, f - iguana
Aim: an iguana (84% to hit)
The blast of sand hits the iguana but does no damage.
The iguana bites you!
You hit the iguana but do no damage. The iguana bites you!
Unknown command.
You puncture the iguana!
The iguana is severely wounded.
The iguana bites you.
* * * LOW HITPOINT WARNING * * *
The iguana bites you.
* * * LOW HITPOINT WARNING * * *
Aiming: Sandblast (safe; 3% risk of failure)
Press: ? - help, Q - select action Shift-Dir - straight line, f/p - iguana
Aim: an iguana (severely wounded, 84% to hit)
The blast of sand hits the iguana but does no damage.
The iguana is severely wounded.
The iguana bites you but does no damage.
Aiming: Sandblast (safe; 3% risk of failure)
Press: ? - help, Q - select action Shift-Dir - straight line, f/p - iguana
Aim: an iguana (severely wounded, 84% to hit)
The blast of sand hits the iguana.
The iguana is almost dead.
The iguana barely misses you. The iguana bites you!
* * * LOW HITPOINT WARNING * * *
Aiming: Sandblast (safe; 3% risk of failure)
Press: ? - help, Q - select action Shift-Dir - straight line, f/p - iguana
Aim: an iguana (almost dead, 84% to hit)
The blast of sand hits the iguana but does no damage.
The iguana is almost dead.
The iguana bites you.
You die...

#. #######.#
........#########
................#
###############.##
#<...............#
##################
#########
......l@#
#######.# #.#
################.#
.................#
##################


You could see an iguana.

Vanquished Creatures
  A sleepcap (D:4)
  A hound (D:5)
  A jelly (D:5)
  Jessica (D:3)
  An orc wizard (D:5)
  Robin (D:2)
  A gnoll (D:1)
  5 adders
  An ufetubus (D:4)
  A dart slug (D:4)
  10 orcs
  4 bats
  5 endoplasms
  11 goblins
  5 hobgoblins
  4 jackals (D:1)
  12 kobolds
  4 quokkas
  10 ball pythons
  2 frilled lizards
  2 rats
83 creatures vanquished.

Vanquished Creatures (others)
  6 toadstools (D:5)
6 creatures vanquished.

Grand Total: 89 creatures vanquished

Notes
Turn   | Place    | Note
-------+----------+-------------------------------------------
     0 | D:1      | dracfodder the Gargoyle Earth Elementalist began the quest
                  | for the Orb.
     0 | D:1      | Reached XP level 1. HP: 10/10 MP: 3/3
   129 | D:1      | Reached XP level 2. HP: 14/15 MP: 1/5
   393 | D:1      | Reached skill level 1 in Ranged Weapons
   691 | D:1      | Reached XP level 3. HP: 19/19 MP: 3/6
   695 | D:1      | Learned a level 3 spell: Stone Arrow
   936 | D:1      | Reached skill level 4 in Earth Magic
  1147 | D:2      | Found a faded altar of an unknown god.
  1220 | D:2      | Gained mutation: Your mind is acute. (Int +4, Str/Dex -1)
                  | [potion of mutation]
  1221 | D:2      | Lost mutation: Your mind is acute. (Int +4, Str/Dex -1)
                  | [potion of mutation]
  1221 | D:2      | Gained mutation: Your movements are slightly less
                  | encumbered by armour. (ER -2) [potion of mutation]
  1221 | D:2      | Gained mutation: You have a pair of small horns on your
                  | head. [potion of mutation]
  1221 | D:2      | Gained mutation: You are frail. (-10% HP) [potion of
                  | mutation]
  1221 | D:2      | Gained mutation: Your muscles are strong. (Str +4, Int/Dex
                  | -1) [potion of mutation]
  1464 | D:2      | Reached XP level 4. HP: 21/21 MP: 1/7
  2037 | D:2      | Lost mutation: You have a pair of small horns on your head.
                  | [potion of mutation]
  2037 | D:2      | Lost mutation: Your movements are slightly less encumbered
                  | by armour. (ER -2) [potion of mutation]
  2037 | D:2      | Gained mutation: Potions are less effective at restoring
                  | your health. [potion of mutation]
  2037 | D:2      | Gained mutation: You passively map a small area around you.
                  | [potion of mutation]
  2038 | D:2      | Lost mutation: Your muscles are strong. (Str +4, Int/Dex
                  | -1) [potion of mutation]
  2038 | D:2      | Lost mutation: You passively map a small area around you.
                  | [potion of mutation]
  2038 | D:2      | Gained mutation: You have a pair of small antennae on your
                  | head. [potion of mutation]
  2038 | D:2      | Gained mutation: You are dopey. (Int -2) [potion of
                  | mutation]
  2043 | D:2      | Noticed Robin
  2048 | D:2      | Killed Robin
  2148 | D:3      | Identified the +8 morningstar of Midsummer {holy, Str+3}
  2202 | D:3      | You fall into a shaft and drop 1 floor!
  2314 | D:4      | Reached XP level 5. HP: 22/25 MP: 8/8
  2342 | D:4      | Reached skill level 1 in Maces & Flails
  2502 | D:3      | Noticed Jessica
  2508 | D:3      | Killed Jessica
  3720 | D:5      | Entered Level 5 of the Dungeon
  3768 | D:5      | Reached XP level 6. HP: 29/29 MP: 7/10
  3820 | D:5      | Reached skill level 1 in Armour
  4056 | D:5      | HP: 1/29 [iguana (7)]
  4057 | D:5      | Slain by an iguana

Illustrated notes

Levels and vault maps discovered:
D:1:      roderic_crop_circles_arrival_small, layout_basic, bh_walls_and_bars
D:2:      layout_loops_ring, ebering_ecumenical_altar_rust, uniq_robin
D:3:      layout_basic, serial_co_window_serial, co_window_paths_a,
          co_window_corner_a, co_window_paths_a, co_window_paths_a,
          co_window_of_opportunity_a, co_window_of_opportunity_a,
          co_window_of_opportunity_a, co_window_of_opportunity_b,
          co_window_broadway_a, co_window_of_opportunity_c, co_window_4corner_b,
          co_window_paths_d, glass_columns_b, glass_columns_a, glass_columns_b,
          glass_columns_a, glass_columns_a, uniq_jessica
D:4:      layout_cave_pools, minmay_misc_feat_doors, kennysheep_cross_room
D:5:      layout_basic, lemuel_doored_altar, minmay_temple_entry_hall,
          abandoned_shop, minmay_gold_behind_fungi, item_on_display_a

Skill      XL: |  1  2  3  4  5  6 |
---------------+-------------------+-----
Ranged Weapons | 1 2 |  2.7
Earth Magic    | 4 |  4.7
Maces & Flails | 2 |  2.3
Dodging        | 2 |  2.1
Spellcasting   | 3 |  3.0
Armour         | 1 |  1.4
Fighting       | |  0.4
Stealth        | |  2.8
Transmutations | |  0.7

Action                     |  1- 3 |  4- 6 || total
---------------------------+-------+-------++-------
  Melee: Morningstar       |       |    87 ||    87
   Fire: Sling             |    59 |    17 ||    76
   Cast: Sandblast         |    38 |    19 ||    57
         Stone Arrow       |     2 |     1 ||     3
    Use: Scroll            |     4 |     6 ||    10
         Potion            |     2 |     2 ||     4
   Stab: Sleeping          |       |     2 ||     2
 Armour: Robe              |    16 |       ||    16
         Leather armour    |     4 |    54 ||    58
  Dodge: Dodged            |    36 |    72 ||   108

Table legend: (Time is in decaauts)
 A = Elapsed time spent in this place.
 B = Non-inter-level travel time spent in this place.
 C = Inter-level travel time spent in this place.
 D = Time resting spent in this place.
 E = Time spent auto-exploring this place.
 F = Levels seen in this place.
 G = Mean time per level.
                   A        B        C        D        E       F      G
               +--------+--------+--------+--------+--------+-----+--------+
         Total |   4146 |   3942 |    204 |    268 |   2971 |   5 |  829.2 |
       Dungeon |   4146 |   3942 |    204 |    268 |   2971 |   5 |  829.2 |
               +--------+--------+--------+--------+--------+-----+--------+

Top non-repeatable levels by time:
     D:1: 1222 daAuts
     D:3: 959 daAuts
     D:2: 958 daAuts
     D:4: 656 daAuts
     D:5: 349 daAuts
